SAAA
PAWNEE PARKSNREC @ TORTOLITA DRUMMERS
07/27/2028
 
TOP OF THE 1ST
Pawnee ParksNRec batting - Pitching for Tortolita Drummers : RHP Ricky Jackson
Pitching: RHP Ricky Jackson
Batting: RHB Iván Rodríguez 0-0: Ball
1-0: Foul Ball, location: 2F
1-1: Foul Ball, location: 2F
1-2: Ball
2-2: Foul Ball, location: 2F
2-2: Foul Ball, location: 2F
2-2: Ball
3-2: Base on Balls
Batting: RHB Britt Lynch 0-0: Fly out, F5 (Popup, 5S)
Batting: SHB Júlio Camacho 0-0: Called Strike
0-1: Called Strike
0-2: Foul Ball, location: 2F
0-2: Strikes out swinging
Batting: LHB Ernesto Sánchez 0-0: Fly out, F9 (Flyball, 9LM)
Top of the 1st over - 0 run(s), 0 hit(s), 0 error(s), 1 left on base; Pawnee 0 - Tortolita 0
BOTTOM OF THE 1ST
Tortolita Drummers batting - Pitching for Pawnee ParksNRec : RHP Brewster Warble
Pitching: RHP Brewster Warble
Batting: SHB Javier Vázquez 0-0: Ball
1-0: Foul Ball, location: 2F
1-1: Foul Ball, location: 2F
1-2: Ball
2-2: Ball
3-2: Fly out, F7 (Flyball, 7S)
Batting: RHB Jim Burch 0-0: Ball
1-0: Ball
2-0: Ground out 6-3 (Groundball, 56)
Batting: RHB Sean Godron 0-0: Called Strike
0-1: Ball
1-1: SINGLE (Flyball, 8LS)
Batting: RHB Ricardo Pacheco 0-0: Called Strike
Sean Godron steals 2nd base
0-1: Ball
1-1: Ball
2-1: Ball
3-1: Base on Balls
Batting: SHB Roberto Mosca 0-0: Called Strike
0-1: Ball
1-1: Called Strike
1-2: Foul Ball, location: 2F
1-2: Ball
2-2: Foul Ball, location: 2F
2-2: Ball
3-2: Base on Balls
Sean Godron to third
Ricardo Pacheco to second
Batting: LHB Steve Costillo 0-0: Foul Ball, location: 2F
0-1: Reached on error, E3 (Groundball, 34)
Sean Godron scores
Ricardo Pacheco scores
Roberto Mosca to third
Batting: RHB Ed Hopkins 0-0: Swinging Strike
0-1: Called Strike
0-2: DOUBLE (Line Drive, 89S)
Roberto Mosca scores
Steve Costillo scores
Batting: RHB Santo Alba 0-0: SINGLE (Groundball, 34D)
Ed Hopkins to third
Runner from 3rd tries for Home, SAFE, throw made home
Santo Alba to second
Batting: RHB Jeb Sexton 0-0: Foul Ball, location: 2F
0-1: Swinging Strike
0-2: Foul Ball, location: 2F
0-2: Ball
1-2: Foul Ball, location: 2F
1-2: Ball
2-2: Foul Ball, location: 2F
2-2: Ball
3-2: Base on Balls
Batting: SHB Javier Vázquez 0-0: Ball
1-0: Ball
2-0: SINGLE (Groundball, 5D)
Santo Alba to third
Jeb Sexton to second
Runner from 3rd tries for Home, SAFE, no throw
Batting: RHB Jim Burch 0-0: Ball
1-0: Ball
2-0: Ball
3-0: Base on Balls
Jeb Sexton to third
Javier Vázquez to second
Batting: RHB Sean Godron 0-0: Ball
1-0: Fielders Choice at 2nd, 6-4 (Groundball, 6)
Bottom of the 1st over - 6 run(s), 4 hit(s), 1 error(s), 2 left on base; Pawnee 0 - Tortolita 6
TOP OF THE 2ND
Pawnee ParksNRec batting - Pitching for Tortolita Drummers : RHP Ricky Jackson
Batting: LHB Tom Benjamin 0-0: Ball
1-0: Ball
2-0: Ball
3-0: Base on Balls
Batting: RHB Daryl Moran 0-0: Ball
1-0: Ball
2-0: Called Strike
2-1: SINGLE (Flyball, 34D)
Tom Benjamin to second
Runner from 2nd tries for 3rd, SAFE, throw made to third
Daryl Moran to second
Batting: SHB Vicente Pueblo 0-0: Ball
1-0: Ball
2-0: Ball
3-0: Called Strike
3-1: Foul Ball, location: 2F
3-2: Fly out, F8 (Flyball, 8LM)
Runner from 3rd tags up, SCORES, throw made
Batting: SHB Enrique Costello 0-0: SINGLE (Flyball, 7S)
Daryl Moran to third
Runner from 3rd tries for Home, SAFE, throw made home
Batting: RHB Dale Blair 0-0: Fly out, F8 (Flyball, 8RS)
Batting: RHB Iván Rodríguez 0-0: Ball
1-0: Ball
2-0: Called Strike
2-1: Foul Ball, location: 2F
2-2: Ball
3-2: Foul Ball, location: 2F
3-2: Fly out, F8 (Flyball, 89S)
Top of the 2nd over - 2 run(s), 2 hit(s), 0 error(s), 1 left on base; Pawnee 2 - Tortolita 6
BOTTOM OF THE 2ND
Tortolita Drummers batting - Pitching for Pawnee ParksNRec : RHP Brewster Warble
Now in RF: Dennis Barraclough
Batting: RHB Ricardo Pacheco 0-0: Ball
1-0: Ground out 6-3 (Groundball, 56)
Batting: SHB Roberto Mosca 0-0: Called Strike
0-1: Ball
1-1: Foul Ball, location: 2F
1-2: Ball
2-2: Ball
3-2: Base on Balls
Batting: LHB Steve Costillo 0-0: Ball
1-0: Swinging Strike
1-1: Ball
2-1: Fly out, F9 (Flyball, 9LMF)
Batting: RHB Ed Hopkins 0-0: Fielders Choice at 2nd, 6-4 (Groundball, 6)
Bottom of the 2nd over - 0 run(s), 0 hit(s), 0 error(s), 0 left on base; Pawnee 2 - Tortolita 6
TOP OF THE 3RD
Pawnee ParksNRec batting - Pitching for Tortolita Drummers : RHP Ricky Jackson
Batting: RHB Britt Lynch 0-0: Ball
1-0: Called Strike
1-1: Ball
2-1: Swinging Strike
2-2: Strikes out swinging
Batting: SHB Júlio Camacho 0-0: Called Strike
0-1: Ball
1-1: Called Strike
1-2: Strikes out swinging
Batting: LHB Ernesto Sánchez 0-0: Ball
1-0: Ball
2-0: Fly out, F8 (Flyball, 8LS)
Top of the 3rd over - 0 run(s), 0 hit(s), 0 error(s), 0 left on base; Pawnee 2 - Tortolita 6
BOTTOM OF THE 3RD
Tortolita Drummers batting - Pitching for Pawnee ParksNRec : RHP Brewster Warble
Batting: RHB Santo Alba 0-0: Ball
1-0: SINGLE (Groundball, 34D)
Batting: RHB Jeb Sexton 0-0: Ball
1-0: Ball
2-0: Ball
3-0: Called Strike
3-1: Foul Ball, location: 2F
3-2: Fly out, F6 (Line Drive, 6)
Lined into DP, 6-3 (Line Drive, 6)
Batting: SHB Javier Vázquez 0-0: Ball
1-0: Foul Ball, location: 2F
1-1: Fly out, F1 (Line Drive, 13)
Bottom of the 3rd over - 0 run(s), 1 hit(s), 0 error(s), 0 left on base; Pawnee 2 - Tortolita 6
TOP OF THE 4TH
Pawnee ParksNRec batting - Pitching for Tortolita Drummers : RHP Ricky Jackson
Batting: LHB Tom Benjamin 0-0: Ball
1-0: Ball
2-0: Ball
3-0: Base on Balls
Batting: SHB Dennis Barraclough 0-0: Ball
1-0: Called Strike
1-1: Foul Ball, location: 2F
1-2: Foul Ball, location: 2F
1-2: Strikes out swinging
Batting: SHB Vicente Pueblo 0-0: Called Strike
0-1: Ball
1-1: Called Strike
1-2: Ball
2-2: Ball
3-2: SINGLE (Line Drive, 56)
Tom Benjamin to second
Tom Benjamin to third
Batting: SHB Enrique Costello 0-0: Called Strike
0-1: Fly out, F8 (Flyball, 8LM)
Runner from 3rd tags up, SCORES, throw made
Batting: RHB Dale Blair 0-0: Fly out, F8 (Line Drive, 89D)
Top of the 4th over - 1 run(s), 1 hit(s), 0 error(s), 1 left on base; Pawnee 3 - Tortolita 6
BOTTOM OF THE 4TH
Tortolita Drummers batting - Pitching for Pawnee ParksNRec : RHP Brewster Warble
Batting: RHB Jim Burch 0-0: Swinging Strike
0-1: Ball
1-1: Ground out 6-3 (Groundball, 6)
Batting: RHB Sean Godron 0-0: Ground out 6-3 (Groundball, 6)
Batting: RHB Ricardo Pacheco 0-0: Called Strike
0-1: Fly out, F9 (Flyball, 9LSF)
Bottom of the 4th over - 0 run(s), 0 hit(s), 0 error(s), 0 left on base; Pawnee 3 - Tortolita 6
TOP OF THE 5TH
Pawnee ParksNRec batting - Pitching for Tortolita Drummers : RHP Ricky Jackson
Batting: RHB Iván Rodríguez 0-0: Ball
1-0: SINGLE (Groundball, 56D)
Batting: RHB Britt Lynch 0-0: Ball
1-0: Foul Ball, location: 2F
1-1: Fly out, F7 (Flyball, 7S)
Batting: SHB Júlio Camacho 0-0: Ball
1-0: Fly out, F7 (Flyball, 7LS)
Batting: LHB Ernesto Sánchez 0-0: Foul Ball, location: 2F
0-1: Fly out, F8 (Flyball, 78XD)
Top of the 5th over - 0 run(s), 1 hit(s), 0 error(s), 1 left on base; Pawnee 3 - Tortolita 6
BOTTOM OF THE 5TH
Tortolita Drummers batting - Pitching for Pawnee ParksNRec : RHP Brewster Warble
Pitching: RHP Ronaldo Matos
Batting: SHB Roberto Mosca 0-0: Ball
1-0: Foul Ball, location: 2F
1-1: Ball
2-1: Foul Ball, location: 2F
2-2: Foul Ball, location: 2F
2-2: Foul Ball, location: 2F
2-2: Ball
3-2: SINGLE (Groundball, 6MS) (infield hit)
Batting: LHB Steve Costillo 0-0: Ball
1-0: Ball
2-0: Sac Bunt - play at first, batter OUT! 1-4
Roberto Mosca to second
Batting: RHB Ed Hopkins 0-0: Intentional Walk
Batting: RHB Santo Alba 0-0: Ball
1-0: Ball
2-0: Ball
3-0: Base on Balls
Roberto Mosca to third
Ed Hopkins to second
Batting: RHB Jeb Sexton 0-0: Ball
1-0: Grounds into double play, 4-6-3 (Groundball, 4)
Bottom of the 5th over - 0 run(s), 1 hit(s), 0 error(s), 2 left on base; Pawnee 3 - Tortolita 6
TOP OF THE 6TH
Pawnee ParksNRec batting - Pitching for Tortolita Drummers : RHP Ricky Jackson
Batting: LHB Tom Benjamin 0-0: Ball
1-0: Foul Ball, location: 2F
1-1: Ball
2-1: Called Strike
2-2: Ball
3-2: Foul Ball, location: 2F
3-2: DOUBLE (Line Drive, 9LM)
Batting: SHB Dennis Barraclough 0-0: Ball
1-0: Foul Ball, location: 2F
1-1: Ball
2-1: Ground out 4-3 (Groundball, 4M)
Tom Benjamin to third
Batting: SHB Vicente Pueblo 0-0: Called Strike
0-1: Called Strike
0-2: Ball
1-2: Ball
2-2: Fly out, F6 (Line Drive, 6)
Batting: SHB Enrique Costello 0-0: Ball
1-0: Called Strike
1-1: Ball
2-1: Ground out U3 (Groundball, 34S)
Top of the 6th over - 0 run(s), 1 hit(s), 0 error(s), 1 left on base; Pawnee 3 - Tortolita 6
BOTTOM OF THE 6TH
Tortolita Drummers batting - Pitching for Pawnee ParksNRec : RHP Ronaldo Matos
Batting: SHB Javier Vázquez 0-0: Ball
1-0: Foul Ball, location: 2F
1-1: Ball
2-1: Ground out 4-3 (Groundball, 4)
Batting: RHB Jim Burch 0-0: Ball
1-0: Ball
2-0: Ball
3-0: Called Strike
3-1: Ground out 6-3 (Groundball, 6)
Batting: RHB Sean Godron 0-0: Ball
1-0: Ground out 5-3 (Groundball, 5)
Bottom of the 6th over - 0 run(s), 0 hit(s), 0 error(s), 0 left on base; Pawnee 3 - Tortolita 6
TOP OF THE 7TH
Pawnee ParksNRec batting - Pitching for Tortolita Drummers : RHP Ricky Jackson
Batting: RHB Dale Blair 0-0: Fly out, F6 (Line Drive, 6)
Batting: RHB Iván Rodríguez 0-0: Called Strike
0-1: Called Strike
0-2: Foul Ball, location: 2F
0-2: Foul Ball, location: 2F
0-2: Ball
1-2: Ball
2-2: Ball
3-2: Fly out, F8 (Flyball, 8LD)
Batting: RHB Britt Lynch 0-0: Called Strike
0-1: Hit by Pitch
Pitching: RHP Don Miller
Batting: SHB Júlio Camacho 0-0: Ball
1-0: Ball
2-0: Called Strike
2-1: Ball
3-1: Foul Ball, location: 2F
3-2: Ground out 1-3 (Groundball, 13)
Top of the 7th over - 0 run(s), 0 hit(s), 0 error(s), 1 left on base; Pawnee 3 - Tortolita 6
BOTTOM OF THE 7TH
Tortolita Drummers batting - Pitching for Pawnee ParksNRec : RHP Ronaldo Matos
Batting: RHB Ricardo Pacheco 0-0: Ball
1-0: Called Strike
1-1: Ball
2-1: Foul Ball, location: 2F
2-2: Foul Ball, location: 2F
2-2: Ball
3-2: Base on Balls
Batting: SHB Roberto Mosca 0-0: Called Strike
0-1: Ball
Wild Pitch!
Ricardo Pacheco to second
1-1: Ball
2-1: Swinging Strike
2-2: Foul Ball, location: 2F
2-2: Ball
3-2: Strikes out swinging
Batting: LHB Steve Costillo 0-0: Called Strike
0-1: Ball
1-1: Called Strike
1-2: Foul Ball, location: 2F
1-2: Ball
2-2: Fly out, F6 (Line Drive, 6)
Batting: RHB Ed Hopkins 0-0: Ball
1-0: Ball
2-0: Called Strike
2-1: Foul Ball, location: 2F
2-2: Foul Ball, location: 2F
2-2: Foul Ball, location: 2F
2-2: Ground out 4-3 (Groundball, 4)
Bottom of the 7th over - 0 run(s), 0 hit(s), 0 error(s), 1 left on base; Pawnee 3 - Tortolita 6
TOP OF THE 8TH
Pawnee ParksNRec batting - Pitching for Tortolita Drummers : RHP Don Miller
Batting: LHB Ernesto Sánchez 0-0: Ball
1-0: Ball
2-0: Ball
3-0: Called Strike
3-1: Base on Balls
Pitching: LHP Motoyuki Nakamura
Batting: LHB Tom Benjamin 0-0: Ball
1-0: 2-RUN HOME RUN (Flyball, 89XD), Distance : 412 ft
Pitching: RHP Mike Desmond
Batting: SHB Dennis Barraclough 0-0: Ball
1-0: Ball
2-0: Ball
3-0: Called Strike
3-1: Foul Ball, location: 2F
3-2: Foul Ball, location: 2F
3-2: Strikes out swinging
Batting: SHB Vicente Pueblo 0-0: Ball
1-0: SINGLE (Groundball, 5S) (infield hit)
Pinch Hitting: RHB Rubén Alvarado 0-0: Called Strike
0-1: Called Strike
0-2: Strikes out swinging
Batting: RHB Dale Blair 0-0: Ball
1-0: Foul Ball, location: 2F
1-1: Ball
2-1: Fielders Choice at 2nd, 4-6 (Groundball, 4)
Top of the 8th over - 2 run(s), 2 hit(s), 0 error(s), 0 left on base; Pawnee 5 - Tortolita 6
BOTTOM OF THE 8TH
Tortolita Drummers batting - Pitching for Pawnee ParksNRec : RHP Ronaldo Matos
Now at SS: Rubén Alvarado
Batting: RHB Santo Alba 0-0: Foul Ball, location: 2F
0-1: Foul Ball, location: 2F
0-2: Ground out 6-3 (Groundball, 56)
Batting: RHB Jeb Sexton 0-0: Ball
1-0: SINGLE (Flyball, 8LS)
Pinch Hitting: SHB Marcos Roa 0-0: Ball
Jeb Sexton steals 2nd base
1-0: Intentional Walk
Batting: RHB Jim Burch 0-0: Called Strike
0-1: SINGLE (Groundball, 6S) (infield hit)
Jeb Sexton to third
Marcos Roa to second
Pinch Hitting: RHB Vernon Caw 0-0: Swinging Strike
0-1: Foul Ball, location: 2F
0-2: Foul Ball, location: 2F
0-2: Ball
1-2: Foul Ball, location: 2F
1-2: Ball
2-2: Ball
3-2: Fly out, F9 (Flyball, 89D)
Runner from 3rd tags up, SCORES, no throw
Batting: RHB Ricardo Pacheco 0-0: Fly out, F8 (Flyball, 8RD)
Bottom of the 8th over - 1 run(s), 2 hit(s), 0 error(s), 2 left on base; Pawnee 5 - Tortolita 7
TOP OF THE 9TH
Pawnee ParksNRec batting - Pitching for Tortolita Drummers : RHP Mike Desmond
Now in LF: Ramón García
Now in CF: Keith Best
Batting: RHB Iván Rodríguez 0-0: Ball
1-0: Foul Ball, location: 2F
1-1: Ball
2-1: Swinging Strike
2-2: Ball
3-2: Fly out, F7 (Flyball, 78S)
Batting: RHB Britt Lynch 0-0: Called Strike
0-1: Foul Ball, location: 2F
0-2: SOLO HOME RUN (Flyball, 7D), Distance : 364 ft
Batting: SHB Júlio Camacho 0-0: Ball
1-0: Foul Ball, location: 2F
1-1: Foul Ball, location: 2F
1-2: Ball
2-2: Ball
3-2: SINGLE (Groundball, 34D)
Batting: LHB Ernesto Sánchez 0-0: Ball
Wild Pitch!
Júlio Camacho to second
1-0: Ball
2-0: Foul Ball, location: 2F
2-1: Ball
3-1: Swinging Strike
3-2: Base on Balls
Batting: LHB Tom Benjamin 0-0: Called Strike
0-1: Swinging Strike
0-2: Ball
1-2: Ball
2-2: Fly out, F8 (Flyball, 8LD)
Runner from 2nd tags up, SAFE at 3rd with throw
Batting: SHB Dennis Barraclough 0-0: Ball
1-0: Called Strike
1-1: Fielders Choice at 2nd, 4-6 (Groundball, 4)
Top of the 9th over - 1 run(s), 2 hit(s), 0 error(s), 1 left on base; Pawnee 6 - Tortolita 7
Friday, August 18th, 2017 - OOTP Baseball 17.12 Build 75